 Dungeon Crawl Stone Soup version 0.20-a0-1089-g3fde505 (webtiles) character file.

126 Monsterracer the Changer (level 5, -4/44 HPs)
             Began as a Naga Transmuter on May 3, 2017.
             Slain by a centaur
             ... wielding a +0 hand axe
              (6 damage)
             ... on level 3 of the Dungeon.
             The game lasted 00:12:06 (4264 turns).

Monsterracer the Changer (Naga Transmuter)          Turns: 4264, Time: 00:12:08

Health: -4/44      AC:  3    Str: 12    XL:     5   Next: 9%
Magic:  8/8        EV: 10    Int: 15    God:
Gold:   107        SH:  0    Dex: 11    Spells: 4/8 levels left

rFire    . . .     SeeInvis +     - Unarmed
rCold    . . .     Gourm    .   (no shield)
rNeg     . . .     Faith    .   b - +0 robe
rPois    +         Spirit   .   (no helmet)
rElec    .         Reflect  .   p - +0 cloak
rCorr    .         Harm     .   (no gloves)
MR       .....                  (no barding)
Stlth    +.........             (no amulet)
Regen    0.2/turn               (no ring)
MPRegen  0.2/turn               (no ring)

@: short of breath, very slow
A: see invisible, deformed body, poison resistance, slowness 2, slow metabolism
1, spit poison 1, AC +1
a: Spit Poison


You were on level 3 of the Dungeon.
You were not hungry.

You visited 1 branch of the dungeon, and saw 3 of its levels.

You collected 107 gold pieces.

Inventory:

Missiles
 a - a tomahawk of returning (quivered)
 h - 18 bolts
Armour
 b - a +0 robe (worn)
 p - a +0 cloak (worn)
Scrolls
 e - 4 scrolls of identify {unknown}
 g - 2 scrolls of remove curse {unknown}
 i - 2 scrolls of enchant weapon {unknown}
 l - a scroll of magic mapping {unknown}
 m - a scroll of fog {unknown}
 n - a scroll of enchant armour {unknown}
 q - a scroll of recharging {unknown}
Books
 c - a book of Changes

   Spells                             Type                      Level
   a - Beastly Appendage              Transmutation                1
   b - Sticks to Snakes               Transmutation                2
   c - Spider Form                    Transmutation/Poison         3
   d - Ice Form                       Ice/Transmutation            4
   e - Blade Hands                    Transmutation                5
Comestibles
 d - 4 bread rations
 f - 4 fruits
 k - a royal jelly
 o - 2 meat rations


   Skills:
 - Level 1.0 Fighting
 - Level 1.5 Dodging
 - Level 3.0 Unarmed Combat
 - Level 2.0 Spellcasting
 * Level 5.1 Transmutations


You had 4 spell levels left.
You knew the following spells:

 Your Spells              Type           Power        Failure   Level  Hunger
a - Beastly Appendage     Tmut           ###...       2%          1    #......
b - Spider Form           Tmut/Pois      #.........   24%         3    ###....


Dungeon Overview and Level Annotations

Branches:
Dungeon (3/15)

Altars:
Uskayaw


Innate Abilities, Weirdness & Mutations

You cannot wear boots.
Your serpentine skin is tough. (AC +1)
You have supernaturally acute eyesight. (SInv)
Armour fits poorly on your strangely shaped body.
Your system is resistant to poisons. (rPois)
You cover ground very slowly.
You have a slow metabolism.
You can spit poison.


Message History

You see here an arrow.
You feel better.
Press: ? - help, Shift-Dir - straight line, f/p - centaur
Aim: a centaur, wielding a shortbow (lightly wounded, fast)
You fail to use your ability.
The centaur unwields an uncursed shortbow.
The centaur wields an uncursed hand axe.
The centaur completely misses you. The centaur barely misses you.
The centaur barely misses you.
The centaur hits you with an uncursed hand axe.
* * * LOW HITPOINT WARNING * * *
Press: ? - help, Shift-Dir - straight line, f/p - centaur
Aim: a centaur, wielding a hand axe (fast)
The splash of poison hits the centaur.
The centaur is moderately wounded.
You feel slightly more hungry.
The centaur hits you with an uncursed hand axe!
* * * LOW HITPOINT WARNING * * *
The centaur hits you with an uncursed hand axe.
You die...

......#...
..........
........##
<.......#
#......#
#......#
#...)..#
###...c(.#
#.^..@##(#
#.....##(#
###.....##.#
#.......##.#
#.#.....##(#
#.#####.##c####
#.# #.#.....#
#.# #.#.....#
#.# #.......#


You could see a centaur.

Vanquished Creatures
  5 adders
  An ooze (D:1)
  2 worms (D:2)
  A dart slug (D:1)
  2 leopard geckos
  An orc (D:3)
  A giant cockroach (D:1)
  8 goblins
  7 hobgoblins
  7 jackals
  11 kobolds
  7 bats
  4 frilled lizards
  7 rats
64 creatures vanquished.

Vanquished Creatures (others)
  A hobgoblin (D:1)
  A frilled lizard (D:3)
2 creatures vanquished.

Grand Total: 66 creatures vanquished

Notes
Turn   | Place    | Note
-------+----------+-------------------------------------------
     0 | D:1      | Monsterracer the Naga Transmuter began the quest for the Orb.
     0 | D:1      | Reached XP level 1. HP: 18/18 MP: 3/3
   407 | D:1      | Reached XP level 2. HP: 20/25 MP: 3/5
   772 | D:1      | Reached skill level 3 in Transmutations
  1105 | D:1      | Reached XP level 3. HP: 21/31 MP: 6/6
  1110 | D:1      | Learned a level 3 spell: Spider Form
  1864 | D:1      | Reached skill level 4 in Transmutations
  2108 | D:1      | Reached XP level 4. HP: 23/38 MP: 7/7
  2806 | D:2      | Found a hide-covered altar of Uskayaw.
  4091 | D:3      | Reached skill level 5 in Transmutations
  4158 | D:3      | Reached XP level 5. HP: 44/44 MP: 6/8
  4250 | D:3      | Noticed a centaur
  4264 | D:3      | HP: 2/44 [centaur/uncursed hand axe (7)]
  4264 | D:3      | Slain by a centaur

Vault maps used:
D:1:      dpeg_arrival_water_temple_mockup
D:2:      eat_drink_and_be_merry_uskayaw, first_bread, minivault_11,
          serial_bayou_pond_b, dk_noncrumbling_4
D:3:      minmay_statues_item

Skill      XL: |  1  2  3  4 |
---------------+-------------+-----
Transmutations | 3 4 5 |  5.1
Fighting       | |  1.0
Dodging        | |  1.5
Unarmed Combat | |  3.0
Spellcasting   | |  2.0

Action                   |  1- 3 |  4- 6 || total
-------------------------+-------+-------++-------
Melee: Unarmed           |   116 |   111 ||   227
       Headbutt          |     8 |     9 ||    17
       Punch             |       |     1 ||     1
 Fire: Hunting sling     |     8 |       ||     8
Throw: Tomahawk          |       |     2 ||     2
 Cast: Beastly Appendage |    13 |    11 ||    24
 Abil: Spit Poison       |     2 |    12 ||    14
  Use: Potion            |     1 |     5 ||     6
  Eat: Chunk             |     3 |     6 ||     9
Armor: Robe              |    21 |    47 ||    68
Dodge: Dodged            |    79 |    83 ||   162
